 Dungeon Crawl Stone Soup version 0.16-a0-747-geaeaf20 (webtiles) character file.

43754 PolkaDot the Convoker (level 13, -10/91 HPs)
             Began as a Vampire Summoner on Sept 23, 2014.
             Was the Champion of Sif Muna.
             Mangled by a troll (19 damage)
             ... on Level 15 of the Dungeon.
             The game lasted 02:59:43 (29590 turns).

PolkaDot the Convoker (Vampire Summoner)           Turns: 29590, Time: 02:59:43

HP -10/91        AC 11     Str  7      XL: 13   Next: 92%
MP  34/39        EV 14     Int 27      God: Sif Muna [******]
Gold 2377        SH  0     Dex 16      Spells:  7 memorised,  1 level left

rFire  + + .     SeeInvis +     n - +4 quarterstaff (chaos)
rCold  . . .     Clarity  .     E - +1 troll leather armour
rNeg   + . .     rCorr    .     (no shield)
rPois  .         rRot     .     (helmet restricted)
rElec  .         Spirit   .     o - +2 cloak {MR+}
SustAb .         Warding  .     (no gloves)
rMut   .         Stasis   .     F - +2 pair of boots {Fly}
Gourm  .                        (no amulet)
MR     ++...                    z - +6 ring of intelligence
                                l - ring of magical power

@: flying, very resistant to hostile enchantments, unstealthy
A: bottle blood, fangs 3, horns 1, see invisible, agile 1, fire resistance 2,
high mp 1, unbreathing
a: Bat Form, Bottle Blood, Channel Energy, Forget Spell, Renounce Religion, Stop
Flying


You were on level 15 of the Dungeon.
You worshipped Sif Muna.
Sif Muna was exalted by your worship.
You were not thirsty.

You visited 3 branches of the dungeon, and saw 24 of its levels.
You also visited: Labyrinth and Ossuary.

You collected 2415 gold pieces.
You spent 38 gold pieces at shops.

Inventory:

Hand weapons
 n - a +4 quarterstaff of chaos (weapon)
Armour
 o - a +2 cloak of magic resistance (worn)
 E - a +1 troll leather armour (worn)
 F - a +2 pair of boots of flying (worn)
Magical devices
 s - a wand of cold (11)
 x - a wand of digging (10)
 K - a wand of fire (1)
Scrolls
 c - 3 scrolls of fear
 f - 3 scrolls of fog
 h - 3 scrolls of enchant weapon
 i - 8 scrolls of teleportation
 k - 9 scrolls of remove curse
 m - 3 scrolls of blinking
 p - 5 scrolls of immolation
 t - 2 scrolls of identify
 u - 2 scrolls of amnesia
 w - 8 scrolls of recharging
 y - 2 scrolls of enchant armour
 I - a scroll of brand weapon
 J - 4 scrolls of vulnerability
 M - a scroll of silence {unknown}
 T - a scroll of torment
 X - a scroll of summoning {unknown}
Jewellery
 a - an uncursed ring of protection from cold
 l - a ring of magical power (left hand)
 z - a +6 ring of intelligence (right hand)
Potions
 d - 4 potions of curing
 e - 2 potions of cure mutation {!q}
 g - a potion of heal wounds
 j - a potion of agility
 r - 4 potions of brilliance
 v - a potion of cancellation
 A - 2 potions of restore abilities
 Q - a potion of resistance
 V - a potion of degeneration {unknown}
Books
 b - a book of Party Tricks

   Spells                             Type                      Level
   Summon Butterflies                 Summoning                    1
   *Apportation                       Translocation                1
   *Blink                             Translocation                2
   Tukima's Dance                     Hexes                        3
   Alistair's Intoxication            Transmutation/Poison         4
 q - Sif Muna's Guide on the Escort {god gift}
   (Sif Muna gifted it to you on level 14 of the Dungeon)

   Spells                             Type                      Level
   Summon Butterflies                 Summoning                    1
   Summon Small Mammal                Summoning                    1
   Abjuration                         Summoning                    3
   Summon Hydra                       Summoning                    7
   Summon Horrible Things             Summoning                    8
 R - a book of Wizardry

   Spells                             Type                      Level
   Agony                              Necromancy                   5
   Force Lance                        Conjuration                  5
   Dispersal                          Translocation                6
   Haste                              Charms                       6
   Invisibility                       Hexes                        6
   Spellforged Servitor               Conjuration/Summoning        7
 S - a book of the Sky

   Spells                             Type                      Level
   Flight                             Charms/Air                   3
   Airstrike                          Air                          4
   Silence                            Hexes/Air                    5
   Deflect Missiles                   Charms/Air                   6
   Conjure Ball Lightning             Conjuration/Air              6
   Tornado                            Air                          9
 Y - Sif Muna's Handbook of the Entourage {god gift}
   (Sif Muna gifted it to you on level 7 of the Lair of Beasts)

   Spells                             Type                      Level
   *Summon Ice Beast                  Ice/Summoning                4
   Aura of Abjuration                 Summoning                    6
   *Monstrous Menagerie               Summoning                    6


   Skills:
 - Level 5.1 Fighting
 - Level 5.5 Staves
 - Level 6.1 Dodging
 - Level 3.0 Stealth
 + Level 7.1 Spellcasting
 - Level 11.0 Hexes
 * Level 15.4 Summonings
 - Level 5.1 Translocations
 - Level 8.5 Ice Magic
 - Level 4.4 Invocations


You had one spell level left.
You knew the following spells:

 Your Spells              Type           Power        Failure   Level  Hunger
d - Call Canine Familiar  Summ           #######.     1%          3    None
g - Summon Guardian Gole  Hex/Summ       ######..     1%          4    ##.....
i - Summon Ice Beast      Ice/Summ       ######..     1%          4    ##.....
m - Monstrous Menagerie   Summ           #######...   1%          6    ######.
q - Blink                 Tloc           N/A          1%          2    None
s - Shadow Creatures      Summ           N/A          1%          5    ####...
A - Apportation           Tloc           #####.....   1%          1    None


Dungeon Overview and Level Annotations

Branches:
Dungeon (15/15)            Temple (1/1) D:4             Orc (0/4) D:9
   Lair (8/8) D:11         Shoals (0/5) Lair:4       Spider (0/5) Lair:4
  Slime (0/6) Lair:7       Vaults (0/5) D:13
 Depths: D:15

Altars:
Ashenzari
Cheibriados
Dithmenos
Elyvilon
Fedhas
Gozag
Kikubaaqudgha
Makhleb
Nemelex Xobeh
Okawaru
Qazlal
Ru
Sif Muna
Trog
Vehumet
Xom
Yredelemnul
Zin
The Shining One

Shops:
D:5 ?   D:6 *   D:7 %   D:8 (   D:11 (   D:13 [

Portals:
Trove: D:11 (give +6 demon trident)

Annotations:
D:10 Sonja
D:15 exclusion: silver statue
Lair:6 Maud


Innate Abilities, Weirdness & Mutations

You can bottle blood from corpses.
You have razor-sharp teeth.
You have supernaturally acute eyesight.
You can survive without breathing.
You have a pair of small horns on your head.
You are agile. (Dex +2)
Your flesh is very heat resistant.
You have an increased reservoir of magic (+10% MP).


Message History

The troll is moderately wounded.
The troll bites you!
* * * LOW HITPOINT WARNING * * *
The troll misses you. x2
You sock the troll!
The troll goes berserk!
The troll is heavily wounded.
The troll bites you.
* * * LOW HITPOINT WARNING * * *
The troll misses you. The troll barely misses you. The troll misses you.
The troll claws you!
* * * LOW HITPOINT WARNING * * *
The troll barely misses you.
Casting: Shadow Creatures
Confirm with . or Enter, or press ? or * to list all spells.
Wisps of shadow whirl around you... The troll bites you!!
* * * LOW HITPOINT WARNING * * *
The troll claws you!
* * * LOW HITPOINT WARNING * * *
The troll claws you!!
You die...

#.. #.!# #..#
#..# #..# ##
##..## #.
###....## #.
###..$....###
##.
#.YT@.......###
##..
#..#####.......#
#... ...
##......####...
. #.............
#............#
##..........##
#....)....##
#..##....##
#..#######


You could see a troll (berserk) and a friendly sky beast.

Vanquished Creatures
  Josephine (D:12)
  A fire crab (Lair:8)
  A griffon (Lair:2)
  2 black mambas
  2 elephants (Lair:8)
  A mermaid (Lair:4)
  4 spiny frogs
  An item mimic (Lair:4)
  Grinder (D:5)
  5 blink frogs
  A slime creature (Lair:7)
  Prince Ribbit (D:6)
  A minotaur skeleton (Lab)
  2 shadows
  A basilisk (Lair:6)
  A water elemental (D:14)
  6 yaks
  5 hippogriffs
  A wolf (Lair:8)
  A hungry ghost (D:9)
  2 vampire mosquitoes (Lair:8)
  Menkaure (Ossuary)
  5 water moccasins
  An ice beast (D:6)
  3 sky beasts
  2 orc warriors
  A black bear (D:11)
  2 porcupines
  4 centaurs
  7 ogres
  12 crocodiles
  20 giant frogs
  2 killer bees
  An eye of draining (D:10)
  7 wights
  A goliath beetle (D:11)
  Dowan (D:5)
  A quasit (D:9)
  5 crimson imps
  An elf zombie (D:7)
  4 jellies
  7 orc wizards
  6 iguanas
  2 orc priests (D:7)
  11 hounds
  An orange rat (Lair:8)
  7 worker ants
  3 sheep (D:15)
  A big kobold zombie (D:5)
  A kobold simulacrum (D:12)
  2 mummies
  A worker ant zombie (D:8)
  24 green rats
  18 adders
  2 shadow imps
  3 adder skeletons
  2 giant geckos
  3 oozes
  31 orcs
  4 giant cockroaches
  A gnoll zombie (Ossuary)
  7 goblins
  12 hobgoblins
  12 jackals
  10 kobolds
  2 ball pythons
  13 bats
  2 giant gecko zombies
  6 giant newts
  3 gnoll skeletons (Ossuary)
  3 goblin skeletons
  4 goblin zombies
  2 hobgoblin skeletons (Ossuary)
  6 hobgoblin zombies
  2 kobold skeletons
  A kobold zombie (Ossuary)
  9 orc skeletons
  3 orc zombies (D:8)
  13 quokkas
  18 rats
  2 rat skeletons (Ossuary)
  3 rat zombies (Ossuary)
  4 ballistomycetes
  2 fungi (D:2)
391 creatures vanquished.

Vanquished Creatures (collateral kills)
  Rupert (D:14)
  Frances (D:14)
  Roxanne (D:14)
  Louise (D:14)
  3 vault guards (D:13)
  A fire dragon (Lair:8)
  4 hydras
  Erica (D:10)
  A catoblepas (D:14)
  Urug (D:10)
  3 hill giants
  2 wizards (D:13)
  A necromancer (D:13)
  An orc knight (D:10)
  3 ugly things
  A griffon (Lair:8)
  A mermaid (Lair:4)
  2 cyclopes
  4 elephants (Lair:8)
  An octopode (shapeshifter) (D:14)
  Joseph (D:12)
  17 spiny frogs
  4 black mambas
  A torpor snail (Lair:7)
  An efreet (D:14)
  3 fire drakes
  2 kobold demonologists (D:14)
  A troll (D:12)
  A freezing wraith (D:14)
  6 komodo dragons
  4 giant leeches (Lair:8)
  2 merfolk (Lair:4)
  A blue devil (D:14)
  A two-headed ogre (D:12)
  12 blink frogs
  4 basilisks
  A boulder beetle (Lair:6)
  4 trapdoor spiders (Lair:4)
  A spriggan (D:7)
  3 water elementals (D:14)
  2 slime creatures (Lair:7)
  3 wraiths
  A vampire (D:11)
  2 wyverns
  6 vampire mosquitoes
  A ynoxinul (D:14)
  25 yaks
  3 wandering mushrooms (Lair:4)
  Grum (D:11)
  A chaos spawn (D:14)
  2 wargs (D:11)
  A hungry ghost (D:7)
  8 hippogriffs
  18 humans (D:13)
  A soldier ant (D:14)
  14 wolves
  A mottled dragon (D:12)
  3 porcupines
  11 orc warriors
  A tengu skeleton (D:11)
  8 water moccasins
  A yellow wasp (D:12)
  2 ice beasts
  5 centaurs
  3 crocodiles
  2 ogres (D:11)
  3 big kobolds (D:14)
  A boring beetle (Lair:8)
  Sigmund (D:7)
  Duvessa (D:5)
  A wyvern zombie (D:9)
  2 cyclops skeletons
  A yaktaur skeleton (D:12)
  An eye of draining (D:12)
  12 giant frogs
  A manticore simulacrum (D:12)
  8 wights
  A troll skeleton (D:14)
  24 killer bees
  8 electric eels
  A crimson imp (D:5)
  A hound (D:10)
  A quasit (D:14)
  2 iron imps (D:14)
  Crazy Yiuf (D:2)
  2 orc priests
  A centaur skeleton (D:5)
  4 jellies
  4 orc wizards
  4 iguanas
  6 orange rats (Lair:8)
  Ijyb (D:7)
  A sheep (D:15)
  A mottled dragon skeleton (D:12)
  A gnoll (D:6)
  7 adders
  18 green rats
  An orc skeleton (D:12)
  3 shadow imps
  An inept feature mimic (D:2)
  2 worms
  An ufetubus (D:14)
  An orc (shapeshifter) (D:5)
  33 orcs
  2 bats
  A goblin (D:1)
  7 hobgoblins
  7 jackals
  A quokka (D:2)
  3 giant cockroaches
  A giant newt (D:2)
  A giant spore (D:9)
  A goblin zombie (Ossuary)
  A hobgoblin zombie (D:8)
  14 kobolds
  2 kobold skeletons
  3 orc zombies
  3 rats
  A rat zombie (Ossuary)
  3 ballistomycetes
  3 fungi (Lair:8)
  A plant (Lair:8)
448 creatures vanquished.

Vanquished Creatures (others)
  7 harpies
  2 manticores (D:14)
  3 lindwurms
  A cyclops (D:15)
  10 guardian golems
  A hippogriff (D:12)
  2 vampire mosquitoes (D:14)
  28 wolves
  18 wargs
  106 ice beasts
  A brain worm (Lair:4)
  A giant frog (D:14)
  A big kobold (D:14)
  2 wights
  5 crimson imps
  8 hounds
  2 iron imps
  An orc priest (D:7)
  A worker ant (D:14)
  An iguana (D:14)
  2 mummies (Ossuary)
  A shadow imp (Lair:6)
  6 white imps
  An adder zombie (D:9)
  An orc (D:7)
  2 gnoll zombies (Ossuary)
  3 quokkas
  2 bats (D:2)
  2 giant spores
  A goblin skeleton (Ossuary)
  5 goblin zombies (Ossuary)
  A hobgoblin skeleton (Ossuary)
  2 kobold skeletons (Ossuary)
  A kobold zombie (Ossuary)
  3 orc skeletons (Ossuary)
  2 orc zombies (Ossuary)
  4 rats
  2 rat skeletons (Ossuary)
  5 fungi (Lair:8)
  5 plants (Lair:8)
252 creatures vanquished.

Grand Total: 1091 creatures vanquished

Notes
Turn   | Place    | Note
--------------------------------------------------------------
     0 | D:1      | PolkaDot, the Vampire Summoner, began the quest for the Orb.
     0 | D:1      | Reached XP level 1. HP: 13/13 MP: 3/3
   476 | D:1      | Reached XP level 2. HP: 13/19 MP: 4/4
   995 | D:1      | Learned a level 2 spell: Call Imp
  1019 | D:2      | Found an iron altar of Okawaru.
  1219 | D:2      | Reached skill level 5 in Summonings
  1222 | D:2      | Reached XP level 3. HP: 1/24 MP: 1/6
  2045 | D:2      | Noticed Crazy Yiuf
  2053 | D:2      | Killed Crazy Yiuf
  2291 | D:2      | Learned a level 3 spell: Call Canine Familiar
  2306 | D:2      | Reached XP level 4. HP: 30/30 MP: 7/7
  3321 | D:4      | Reached skill level 1 in Staves
  3329 | D:4      | Reached skill level 6 in Summonings
  3329 | D:4      | Reached XP level 5. HP: 25/35 MP: 1/9
  3611 | D:4      | Found a staircase to the Ecumenical Temple.
  3621 | Temple   | Entered the Ecumenical Temple
  4072 | D:5      | Entered Level 5 of the Dungeon
  4187 | D:5      | Found Klenuhie's Magic Scroll Shoppe.
  4194 | D:5      | Bought a scroll of magic mapping for 38 gold pieces
  4240 | D:5      | Noticed Dowan
  4241 | D:5      | Found a shadowy altar of Dithmenos.
  4243 | D:5      | Noticed Duvessa
  4249 | D:5      | Reached XP level 6. HP: 29/41 MP: 10/10
  4261 | D:5      | Found a sand-covered staircase.
  4266 | Ossuary  | Entered an ossuary
  4539 | Ossuary  | Noticed Menkaure
  4544 | Ossuary  | Killed Menkaure
  4621 | Ossuary  | Gained mutation: Your flesh is heat resistant. [potion of mutation]
  4621 | Ossuary  | Gained mutation: You are agile. (Dex +2) [potion of mutation]
  4621 | Ossuary  | Gained mutation: You have an increased reservoir of magic (+10% MP). [potion of mutation]
  4663 | D:5      | Killed Dowan
  4675 | D:5      | Killed Duvessa
  4794 | D:5      | Noticed an ogre
  4804 | D:5      | Killed an ogre
  5032 | D:5      | Noticed a sky beast
  5038 | D:5      | Killed a sky beast
  5038 | D:5      | Reached XP level 7. HP: 46/46 MP: 13/13
  5065 | D:5      | Noticed Grinder
  5090 | D:5      | Killed Grinder
  5090 | D:5      | Reached skill level 5 in Staves
  5582 | D:6      | Found Gozag's Nutrition Petition.
  5582 | D:6      | Found an opulent altar of Gozag.
  5640 | D:6      | Reached skill level 7 in Summonings
  5676 | D:6      | Found a snail-covered altar of Cheibriados.
  5983 | D:6      | Reached XP level 8. HP: 47/52 MP: 14/14
  6357 | D:6      | Reached skill level 8 in Summonings
  6511 | D:6      | Noticed Prince Ribbit
  6525 | D:6      | Killed Prince Ribbit
  6535 | D:6      | Learned a level 4 spell: Summon Ice Beast
  6594 | D:6      | Reached skill level 9 in Summonings
  7089 | D:7      | Reached skill level 10 in Summonings
  7210 | D:7      | Found Amihel's Food Boutique.
  7220 | D:7      | Found a radiant altar of Vehumet.
  7255 | D:7      | Noticed Sigmund
  7268 | D:7      | Killed Sigmund
  7412 | D:7      | Reached XP level 9. HP: 57/57 MP: 4/15
  7426 | D:7      | Found a deep blue altar of Sif Muna.
  7459 | D:7      | Became a worshipper of Sif Muna the Loreminder
  7479 | D:7      | Reached skill level 1 in Ice Magic
  7480 | D:7      | Noticed Ijyb
  7488 | D:7      | Killed Ijyb
  8155 | D:8      | Found a glowing golden altar of the Shining One.
  8635 | D:8      | Acquired Sif Muna's first power
  8713 | D:8      | Reached skill level 5 in Ice Magic
  9038 | D:8      | Found Xoafeusoda's Weapon Shop.
  9503 | D:8      | Reached skill level 1 in Fighting
  9663 | D:9      | Found a staircase to the Orcish Mines.
  9723 | D:9      | Got an ichor-stained helmet
  9744 | D:9      | Identified the cursed -3 helmet of Treop {Dex+3} (You found it on level 9 of the Dungeon)
  9843 | D:9      | Reached skill level 11 in Summonings
 10508 | D:9      | Acquired Sif Muna's second power
 10891 | D:10     | Entered Level 10 of the Dungeon
 10952 | D:10     | Reached XP level 10. HP: 61/70 MP: 4/17
 11109 | D:10     | Noticed an orc knight
 11150 | D:10     | Killed an orc knight
 11390 | D:10     | Noticed Erica
 11414 | D:10     | Killed Erica
 11637 | D:10     | Reached skill level 12 in Summonings
 11640 | D:10     | Noticed Urug
 11701 | D:10     | Killed Urug
 12017 | D:10     | Got a fine battleaxe
 12018 | D:10     | Identified the +4 battleaxe of Jeusam {venom, +Blink +Inv +Fly rF- rC+} (You found it on level 10 of the Dungeon)
 12130 | D:10     | Noticed Sonja
 12656 | D:11     | Found a staircase to the Lair.
 12688 | D:11     | Reached skill level 1 in Invocations
 12749 | D:11     | Found Mnaut's Weapon Shoppe.
 12765 | D:11     | Noticed Grum
 12776 | D:11     | Killed Grum
 13051 | D:11     | Noticed a cyan ugly thing
 13080 | D:11     | Killed a cyan ugly thing
 13088 | D:11     | Gained mutation: Your flesh is very heat resistant. [potion of beneficial mutation]
 13254 | D:11     | Identified 2 scrolls of acquirement
 13255 | D:11     | Got a warped buckler
 13261 | D:11     | Noticed a hill giant
 13271 | D:11     | Killed a hill giant
 13271 | D:11     | Reached skill level 13 in Summonings
 13348 | D:11     | Identified the -5 buckler of the Pit {Slay+6 Stlth- Curse} (You acquired it on level 11 of the Dungeon)
 13383 | D:11     | Found a portal to a secret trove of treasure.
 13482 | D:11     | Noticed a cyclops
 13508 | D:11     | Killed a cyclops
 13893 | D:11     | Reached XP level 11. HP: 63/77 MP: 18/18
 14011 | D:11     | Learned a level 4 spell: Summon Guardian Golem
 14066 | Lair:1   | Entered Level 1 of the Lair of Beasts
 14098 | Lair:1   | Reached skill level 1 in Hexes
 14589 | Lair:1   | Reached skill level 5 in Hexes
 14880 | Lair:1   | Acquired Sif Muna's third power
 15261 | Lair:1   | Gained mutation: You have a pair of small horns on your head. [potion of beneficial mutation]
 16650 | Lair:2   | Got a transparent granite ring
 17428 | Lair:3   | Noticed a six-headed hydra
 17443 | Lair:3   | Killed a six-headed hydra
 17443 | Lair:3   | Reached skill level 10 in Hexes
 17620 | Lair:3   | Identified the ring "Thrirphoa" {Wiz Str+4 Dex-1} (You found it on level 2 of the Lair of Beasts)
 18303 | Lair:4   | Found a radiant altar of Vehumet.
 18394 | Lair:4   | Found a hole to the Spider Nest.
 18799 | Lair:4   | Found a staircase to the Shoals.
 19048 | Lair:4   | Reached XP level 12. HP: 83/83 MP: 20/20
 19217 | Lair:5   | Reached skill level 5 in Dodging
 19554 | Lair:5   | Reached skill level 14 in Summonings
 20193 | Lair:6   | Noticed Maud
 21223 | Lair:7   | Noticed a five-headed hydra
 21235 | Lair:7   | Killed a five-headed hydra
 21269 | Lair:7   | Found a labyrinth entrance.
 21283 | Lab      | Entered a labyrinth
 21668 | Lab      | Noticed a minotaur
 22230 | Lair:7   | Found a staircase to the Slime Pits.
 22285 | Lair:7   | Received a gift from Sif Muna
 22286 | Lair:7   | Identified Sif Muna's Handbook of the Entourage {god gift} (Sif Muna gifted it to you on level 7 of the Lair of Beasts)
 23107 | Lair:8   | Entered Level 8 of the Lair of Beasts
 23921 | Lair:8   | Noticed a seven-headed hydra
 23926 | Lair:8   | Received a gift from Sif Muna
 23928 | Lair:8   | Identified Skor Atz's Handbook of the Entourage {god gift} (Sif Muna gifted it to you on level 8 of the Lair of Beasts)
 23939 | Lair:8   | Killed a seven-headed hydra
 24043 | Lair:8   | Reached XP level 13. HP: 69/88 MP: 26/26
 24062 | Lair:8   | Learned a level 6 spell: Monstrous Menagerie
 24142 | Lair:8   | Reached skill level 5 in Spellcasting
 24641 | Lair:8   | Reached skill level 15 in Summonings
 24986 | Lair:8   | Learned a level 5 spell: Shadow Creatures
 25051 | Lair:8   | Noticed a fire dragon
 25064 | Lair:8   | Killed a fire dragon
 25913 | D:12     | Noticed Josephine
 25921 | D:12     | Killed Josephine
 26594 | D:12     | Reached skill level 5 in Fighting
 26603 | D:12     | Noticed Joseph
 26643 | D:12     | Killed Joseph
 26912 | D:13     | Learned a level 2 spell: Blink
 27199 | D:13     | Reached skill level 1 in Translocations
 27211 | D:13     | Found Tiamoaz's Antique Armour Shoppe.
 27664 | D:13     | Found a gate to the Vaults.
 27901 | D:14     | Noticed Rupert
 27905 | D:14     | Noticed Louise
 27910 | D:14     | Killed Rupert
 27917 | D:14     | Killed Louise
 28328 | D:14     | Reached skill level 5 in Translocations
 28388 | D:14     | Received a gift from Sif Muna
 28389 | D:14     | Identified Sif Muna's Guide on the Escort {god gift} (Sif Muna gifted it to you on level 14 of the Dungeon)
 28455 | D:14     | Learned a level 1 spell: Apportation
 28624 | D:14     | Noticed Roxanne
 28626 | D:14     | Noticed Frances
 28817 | D:14     | Killed Roxanne
 28837 | D:14     | Identified Roxanne's Almanac of Earth (You took it off Roxanne on level 14 of the Dungeon)
 29214 | D:14     | Killed Frances
 29285 | D:15     | Entered Level 15 of the Dungeon
 29590 | D:15     | Mangled by a troll

Action                   |  1- 3 |  4- 6 |  7- 9 | 10-12 | 13-15 || total
-------------------------+-------+-------+-------+-------+-------++-------
Melee: Dagger            |   151 |       |       |       |       ||   151
       Unarmed           |    14 |       |       |       |       ||    14
       Quarterstaff      |     9 |   174 |   351 |   581 |   210 ||  1325
Throw: Javelin           |       |       |       |     1 |       ||     1
 Cast: Summon Small Mamm |    39 |     3 |     2 |     4 |       ||    48
       Call Imp          |     2 |    19 |    25 |    22 |       ||    68
       Call Canine Famil |       |     9 |    20 |    60 |    17 ||   106
       Summon Ice Beast  |       |       |    22 |   243 |   119 ||   384
       Summon Guardian G |       |       |       |    16 |     8 ||    24
       Monstrous Menager |       |       |       |       |    76 ||    76
       Shadow Creatures  |       |       |       |       |    26 ||    26
       Blink             |       |       |       |       |     2 ||     2
Invok: Channel Energy    |       |       |    43 |   361 |   368 ||   772
 Abil: Bottle Blood      |       |       |     5 |       |       ||     5
Evoke: Wand              |       |       |     9 |    15 |     4 ||    28
  Use: Potion            |     1 |     8 |     7 |    17 |     2 ||    35
       Scroll            |       |    16 |     8 |    14 |     7 ||    45
 Stab: Sleeping          |     5 |     2 |    13 |     2 |     2 ||    24
       Paralysed         |       |     4 |     9 |     8 |       ||    21
       Distracted        |       |     2 |     5 |     8 |     2 ||    17
       Invisible         |       |     2 |       |       |       ||     2
       Petrifying        |       |       |     3 |     3 |       ||     6
       Confused          |       |       |     2 |     3 |       ||     5
       Petrified         |       |       |     1 |     2 |       ||     3
  Eat: Corpse            |    19 |    17 |    40 |   113 |    51 ||   240
